[Event "Early-Titled-Tuesday-Blitz-February-20-2024"]
[Site "Chess.com"]
[Date "2024.02.20"]
[Round "6"]
[White "NM_Antelacus"]
[Black "MdChess1734"]
[Result "1-0"]
[WhiteElo "2258"]
[BlackElo "2377"]
[TimeControl "180+1"]
[EndTime "9:10:39 PST"]
[Termination "NM_Antelacus won by checkmate"]

1. e4 c6 2. d4 d5 3. e5 Bf5 4.
Nc3 e6 5. g4 Bg6 6. Nge2 c5 7.
h4 h5 8. Nf4 Bh7 9. Nxh5 Nc6 10. Be3 cxd4 11. Bxd4 Bxc2 12. Qxc2 Nxd4 13. Qa4+ Nc6 14.
Bb5 Qb6 15. Rc1 Rc8 16. Ne2 g6 17. Nhg3 Ne7 18. h5 Bg7 19. f4 a6 20. Bd3 Kf8 21. Kf1 Qe3 22. Kg2 gxh5 23. Qa3 hxg4 24. Rcf1 Rxh1 25. Nxh1 b5 26. Nhg3 b4 27. Qb3 a5 28.
Bb5 Qc5 29. Qd3 Ng6 30. a4 Nce7 31. Rc1 Nxf4+ 32. Nxf4 Qxc1 33. Ngh5 Rc2+ 34. Ne2 Qd2 35. Qg3 Rxb2 36. Qxg4 Nf5 37. Nxg7 Nxg7 38. Qh4 Kg8 39. Qd8+ Kh7 40. Qh4+ Kg6 41. Qf6+ Kh7 42. Qh4+ Qh6 43. Qd4 Nf5 44. Qxb2 Qe3 45. Qc2 Kg7 46. Kf1 Nh4 47.
Qd3 Qf4+ 48. Ke1 Ng2+ 49. Kd1 Ne3+ 50. Kd2 Nc4+ 51. Kc2 Qf2 52. Bxc4 dxc4 53. Qxc4 Qe3 54. Qd3 Qxe5 55. Qd4 Qxd4 56. Nxd4 Kf6 57. Nb3 Ke5 58. Nxa5 Kd5 59. Nb3 f5 60. Kd3 e5 61. Ke3 Kc4 62.
a5 Kxb3 63. a6 Kc2 64. a7 b3 65. a8=Q b2 66. Qc6+ Kb1 67. Qb5 Ka1 68. Qa5+ Kb1 69. Qxe5 Kc1 70. Qc5+ Kb1 71. Qxf5+ Ka2 72. Qa5+ Kb1 73.
Kd3 Kc1 74. Qe1# 1-0

[Event "Early-Titled-Tuesday-Blitz-February-20-2024"]
[Site "Chess.com"]
[Date "2024.02.20"]
[Round "6"]
[White "Mesa_1"]
[Black "Grischuk"]
[Result "0-1"]
[WhiteElo "2575"]
[BlackElo "3083"]
[TimeControl "180+1"]
[EndTime "9:10:40 PST"]
[Termination "Grischuk won on time"]

1. e4 e5 2. Nf3 Nc6 3. Bb5 a6 4.
Ba4 Nf6 5. O-O Be7 6. Re1 b5 7. Bb3 d6 8. c3 Rg8 9. a4 Bd7 10. Ng5 Rf8 11. d4 h6 12. Nf3 Rh8 13. axb5 axb5 14. Rxa8 Qxa8 15. Na3 Qb7 16. Bd5 exd4 17.
Nxd4 Nxd5 18. exd5 Nxd4 19. Qxd4 Kf8 20. Nc2 Bf6 21.
Qd3 g6 22. Nb4 Kg7 23. Be3 Re8 24. Qd2 Kh7 25. h3 Qa8 26. Bd4 Rxe1+ 27. Qxe1 Bxd4 28.
cxd4 Qd8 29. Qc3 Bc8 30. Qf3 Kg7 31. Nc6 Qg5 32. Kh2 h5 33. b4 h4 34. Qe4 Bf5 35. Qf3 Qd2 36. Ne7 Bc2 37. Nc6 Bf5 38. Ne7 Bd7 39.
Nc6 Bxc6 40. dxc6 Qxd4 41. Qb3 Qxf2 42. Qc3+ Qf6 43. Qd3 Qe5+ 44. Kh1 Qe1+ 45. Kh2 Qe5+ 46. Kh1 g5 47. Qd2 Kf6 48. Qf2+ Ke6 49. Qa7 Qe1+ 50.
Kh2 Qe5+ 51. Kh1 d5 52. Qb8 d4 53. Qe8+ Kd5 54. Qxf7+ Kxc6 55. Qg6+ Kb7 56. Qd3 Qd5 57. Kg1 Kb6 58. Qg6+ Kb7 59. Qd3 Qe5 60. Qg6 Qe1+ 61.
Kh2 Qg3+ 62. Kh1 Qe1+ 63. Kh2 Qe5+ 64. Kh1 c5 65. bxc5 Qxc5 66. Qf7+ Kb6 67. Qe6+ Ka5 68. Qa2+ Kb6 69. Qe6+ Qc6 70. Qe5 Qc1+ 71. Qe1 Qxe1+ 0-1

[Event "Early-Titled-Tuesday-Blitz-February-20-2024"]
[Site "Chess.com"]
[Date "2024.02.20"]
[Round "6"]
[White "Rakhmanov_Aleksandr"]
[Black "Kumi29"]
[Result "0-1"]
[WhiteElo "2861"]
[BlackElo "2631"]
[TimeControl "180+1"]
[EndTime "9:10:41 PST"]
[Termination "Kumi29 won on time"]

1. c4 e5 2. Nf3 Nc6 3. d4 exd4 4. Nxd4 Qh4 5. Nb5 Bc5 6. e3 Qd8 7. N1c3 a6 8. Nd4 Nf6 9. Nb3 Bb4 10. Bd2 O-O 11.
Nd5 Nxd5 12. cxd5 Bxd2+ 13. Qxd2 Ne5 14. d6 cxd6 15. Qxd6 Re8 16. Be2 b6 17. Nd4 Bb7 18. Nf3 Nxf3+ 19. Bxf3 Bxf3 20. gxf3 Qh4 21. Ke2 Rac8 22.
Rac1 Qa4 23. a3 Qb5+ 24. Qd3 Qxb2+ 25. Qd2 Qxa3 26. Qxd7 Rcd8 27. Qc6 Qd3+ 28. Ke1 h5 29. Rg1 h4 30. Qc3 g6 31. Qxd3 Rxd3 32. Rc6 Rb3 33. Rg4 a5 34. f4 a4 35. f5 Ra8 36. fxg6 fxg6 37. Rcxg6+ Kf7 38. Rg7+ Ke6 39. R7g6+ Kd7 40. Rg7+ Kc6 41. R4g6+ Kb5 42. Rg5+ Ka6 43. Kd2 a3 44. Rg1 Rb2+ 45. Kc3 Rxf2 46. Ra1 a2 47. Kb3 Rxh2 48. Rg4 Kb5 49. Rb4+ Kc5 50. Rc4+ Kd5 51. Rd4+ Ke5 52. Rb4 Rd8 53. Rxb6 Rd3+ 54. Kc4 Rxe3 55. Rb8 Kf4 56. Rf8+ Kg3 57. Rg8+ Kh3 58. Kb4 Rg3 59. Ra8 Rg4+ 60. Kc3 Rhg2 61. Kd3 R2g3+ 62. Ke2 Kh2 63. R8xa2 Rg2+ 64. Kf3 Rg3+ 65. Kf4 h3 66. Ra3 Rf2+ 67. Ke4 Rxa3 68.
Rxa3 Kg2 69. Ra8 h2 70. Rg8+ Kf1 71. Rh8 Kg1 72. Rg8+ Rg2 73. Ra8 h1=Q 74. Ra1+ Kh2 75. Rxh1+ Kxh1 0-1

[Event "Early-Titled-Tuesday-Blitz-February-20-2024"]
[Site "Chess.com"]
[Date "2024.02.20"]
[Round "6"]
[White "BallottiLuca"]
[Black "aldebaran52"]
[Result "0-1"]
[WhiteElo "2390"]
[BlackElo "2199"]
[TimeControl "180+1"]
[EndTime "9:10:41 PST"]
[Termination "aldebaran52 won on time"]

1. e4 c5 2. c3 Nf6 3. e5 Nd5 4. d4 cxd4 5. Nf3 d6 6. Qxd4 e6 7. Nbd2 Nc6 8. Bb5 Bd7 9. Bxc6 Bxc6 10. Nc4 dxe5 11. Ncxe5 Rc8 12. Nxc6 Rxc6 13. Ne5 Rc7 14. Qa4+ Ke7 15. O-O f6 16. Rd1 Qe8 17. Qxe8+ Kxe8 18. Nf3 Bd6 19. Nd4 Re7 20. Be3 Nxe3 21. fxe3 Bc5 22. Kf2 Kf7 23. b4 Bb6 24. Nb5 g6 25. c4 a6 26. Nd6+ Kg7 27. c5 Bc7 28. g3 Bxd6 29.
Rxd6 Rc8 30. Rad1 Kf7 31. a3 a5 32. Kf3 axb4 33. axb4 g5 34. h3 Ra8 35. Rd7 Ra4 36. b5 Rb4 37. b6 Rc4 38. Rc7 Rxc7 39. bxc7 Rxc5 40. Rd7+ Kg6 41. h4 gxh4 42. gxh4 h5 43. Ke4 b5 44. Kd4 Rc1 45. e4 b4 46. c8=Q Rxc8 47. Rb7 Rd8+ 48. Ke3 Ra8 49. Rxb4 Ra3+ 50. Kf2 Rc3 51. Rd4 f5 52. exf5+ Kxf5 53. Kg2 e5 54. Rd1 e4 55. Kf2 Kf4 56. Rd8 Rc2+ 57. Kf1 Ke3 58. Re8 Kf3 59. Kg1 Kg3 60. Kh1 Kh3 61. Kg1 Kg3 62. Rg8+ Kf3 63. Rf8+ Ke2 64.
Rf5 e3 65. Rxh5 Rc1+ 66. Kg2 Ke1 67. Re5 e2 68. h5 Rc4 69. h6 Rh4 70. Re6 Rh5 71.
Kg3 Rh1 72. Kg2 Rh5 73. Kf3 Rf5+ 74. Kg2 Kd1 75. Rd6+ Kc2 76. Re6 Kd2 77. h7 Rh5 0-1

[Event "Early-Titled-Tuesday-Blitz-February-20-2024"]
[Site "Chess.com"]
[Date "2024.02.20"]
[Round "6"]
[White "Statham_01"]
[Black "carokannlover213"]
[Result "1/2-1/2"]
[WhiteElo "2570"]
[BlackElo "2851"]
[TimeControl "180+1"]
[EndTime "9:10:42 PST"]
[Termination "Game drawn - insufficient material"]

1. e4 e5 2. Nf3 Nf6 3. Bc4 Nxe4 4. Nc3 Nxc3 5. dxc3 c6 6. Nxe5 d5 7. Bd3 Bd6 8. O-O O-O 9. Re1 Qf6 10. Qh5 g6 11.
Ng4 Qxf2+ 12. Kxf2 gxh5 13. Nf6+ Kh8 14. Bh6 Rd8 15. Nxh5 Be6 16. Bg7+ Kg8 17. Bf6 Rc8 18. Bd4 Nd7 19. g4 c5 20. Be3 Kf8 21. Bxh7 Ne5 22. h3 Ke7 23. Bg5+ Kd7 24. Rad1 Rh8 25. Bf6 Nxg4+ 26. hxg4 Rxh7 27. c4 Rh6 28. Kf3 Bxg4+ 29. Kxg4 Rg8+ 30. Bg7 Rxh5 31. Kxh5 Rxg7 32. Rxd5 Kc6 33.
Red1 Rg6 34. c3 Re6 35. b4 b6 36. b5+ Kc7 37. Kg5 Be7+ 38. Kf5 Rf6+ 39. Ke5 Re6+ 40. Kf5 Bd6 41. Rxd6 Rxd6 42. Rxd6 Kxd6 43. Kf6 Kd7 44. Kxf7 Kd6 45. Kf6 Kd7 46. Ke5 Ke7 47. Kd5 Kd7 48.
a3 Kc7 49. Ke6 Kb7 50. Kd7 Kb8 51. Kc6 Kc8 52. a4 Kb8 53. Kd6 Kc8 54. Kc6 Kb8 55. a5 bxa5 56. Kxc5 Kb7 57. Kd5 Kb6 58. Kd4 a4 59.
Kd3 Kc5 60. Kc2 Kxc4 61. Kb2 Kxb5 62. Ka2 a6 63. Ka1 Ka5 64. c4 Kb4 65. c5 Kxc5 66. Ka2 Kb5 67. Ka3 Ka5 68. Ka2 Kb4 69. Ka1 Ka3 70. Kb1 a5 71. Ka1 Kb3 72. Kb1 Kb4 73. Ka1 Kb5 74. Kb1 Kc4 75. Ka1 Kb4 76. Kb1 Kb5 77.
Ka1 a3 78. Kb1 Ka4 79. Ka1 Kb3 80. Kb1 Kc3 81. Ka1 Kc2 82. Ka2 Kc3 83. Ka1 Kc4 84. Kb1 Kb3 85. Ka1 a4 86. Kb1 Kb4 87. Ka1 Kc3 88. Kb1 Kd2 89. Ka1 Kc1 90. Ka2 Kc2 91. Kxa3 Kb1 92. Kxa4 1/2-1/2

[Event "Early-Titled-Tuesday-Blitz-February-20-2024"]
[Site "Chess.com"]
[Date "2024.02.20"]
[Round "6"]
[White "Doublekk14"]
[Black "ahmedkandiliii"]
[Result "1-0"]
[WhiteElo "2310"]
[BlackElo "2505"]
[TimeControl "180+1"]
[EndTime "9:10:42 PST"]
[Termination "Doublekk14 won by checkmate"]

1. c4 Nf6 2. Nc3 d5 3. cxd5 Nxd5 4. e4 Nxc3 5. bxc3 g6 6. d4 Bg7 7. Nf3 c5 8. Be3 Nc6 9. h3 O-O 10. Be2 Qa5 11. Qd2 cxd4 12. cxd4 Qxd2+ 13. Kxd2 Rd8 14. Kc3 Be6 15. Rhd1 Rac8 16. Kb2 f5 17. e5 Bd5 18. Rac1 f4 19. Bxf4 Rf8 20. Be3 e6 21. Bc4 Na5 22. Bxd5 exd5 23. Nd2 b5 24. Rxc8 Rxc8 25. Rc1 Nc4+ 26.
Nxc4 dxc4 27. Kc3 a5 28. f4 b4+ 29. Kd2 Kf7 30. d5 c3+ 31. Kd3 g5 32. g3 Kg6 33.
Bb6 gxf4 34. gxf4 Kf5 35. d6 Ke6 36. Bxa5 Bh6 37. Bxb4 Bxf4 38. Rxc3 Rb8 39. a3 Bxe5 40. Rc6 Rg8 41. Ke4 Rg3 42. Rc7 Bf6 43. d7 Rxh3 44. Rc6+ Kxd7 45. Rxf6 Rh4+ 46. Kf5 Rh5+ 47. Kg4 Rh1 48. Rf7+ Ke6 49. Rf3 Rg1+ 50. Kh3 Rd1 51. Kg2 Kd5 52. Kg3 Kc4 53. Kg4 Rg1+ 54. Rg3 Rh1 55. Rh3 Rg1+ 56. Kf5 Rf1+ 57. Ke4 Kb5 58.
Rxh7 Rg1 59. Rh5+ Ka4 60. Re5 Kb3 61. Ra5 Kc4 62. Ke5 Rg5+ 63. Kf4 Rg6 64. Rc5+ Kb3 65. Rc3+ Ka4 66. Ke3 Rg3+ 67. Kd4 Rg4+ 68. Kc5 Rg5+ 69. Kb6 Rg6+ 70. Rc6 Rg5 71. Kc7 Rg7+ 72. Kd6 Rg6+ 73. Kd7 Rg7+ 74. Be7 Rg2 75. Ra6+ Kb5 76. Ra8 Rd2+ 77.
Bd6 Ra2 78. Rb8+ Ka4 79. Rb7 Ka5 80. Bb4+ Ka6 81. Rb8 Rc2 82. Rc8 Rb2 83. Kc7 Rb1 84.
Kd7 Kb5 85. Rb8+ Ka4 86. Kc6 Rc1+ 87. Bc5 Rb1 88. Ra8+ Kb3 89. Rb8+ Ka2 90. Rxb1 Kxb1 91. a4 Ka2 92. a5 Kb2 93. a6 Kc2 94. a7 Kd2 95.
a8=Q Ke2 96. Qd8 Kf1 97. Qd4 Ke2 98. Qf2+ Kd3 99. Qe3+ Kc2 100. Bd4 Kb1 101. Qb3+ Kc1 102. Be3# 1-0

[Event "Early-Titled-Tuesday-Blitz-February-20-2024"]
[Site "Chess.com"]
[Date "2024.02.20"]
[Round "6"]
[White "fitod"]
[Black "Sanyura"]
[Result "1/2-1/2"]
[WhiteElo "2435"]
[BlackElo "2613"]
[TimeControl "180+1"]
[EndTime "9:10:44 PST"]
[Termination "Game drawn - insufficient material"]

1. e4 c5 2. c3 g6 3. d4 cxd4 4. cxd4 d5 5. exd5 Nf6 6. Nc3 Bg7 7. Bc4 O-O 8. Nge2 a6 9. a4 b6 10. O-O Bb7 11. Qb3 Nbd7 12. Re1 Rc8 13. Bg5 h6 14. Bh4 g5 15. Bg3 Nh5 16. d6 Nxg3 17. dxe7 Qxe7 18.
Nxg3 Qf6 19. Rad1 Rfe8 20. Rxe8+ Rxe8 21. Nh5 Qf5 22. Nxg7 Kxg7 23. Bd5 Bxd5 24. Nxd5 Re2 25. Rf1 Qc2 26. Qh3 Qc6 27. Nc3 Rxb2 28. d5 Qd6 29.
Ne4 Qe5 30. Qxd7 Qxe4 31. Qc6 Rd2 32. Qxb6 Rxd5 33. Qxa6 Rd4 34. h3 Rxa4 35. Qb5 Rd4 36. Qb2 Qe5 37. Qc3 Qf6 38. Re1 Rd6 39. Qg3 Rd4 40.
Qe3 Rf4 41. g3 Rf5 42. Kg2 Rd5 43. Rf1 Rd4 44. f4 Qc6+ 45. Kh2 Rc4 46. Rf2 Rc2 47. fxg5 Rxf2+ 48. Qxf2 hxg5 49. Qd2 f6 50. Kg1 Qf3 51. Kh2 Kh6 52. Qg2 Qe3 53. Qc2 Kg7 54. Qa2 Qf3 55. Qb2 Kh6 56. Qc2 Kg7 57. Qd2 Qe4 58. Qd7+ Kh6 59. Qd2 Kg6 60. Qf2 g4 61. hxg4 Qxg4 62. Qc2+ f5 63. Kg2 Qd4 64. Qe2 Kg5 65. Qc2 Qe3 66. Kh3 f4 67. Qg2 Qe6+ 68. Kh2 Qh6+ 69. Kg1 Kg4 70. gxf4+ Kf5 71. Qd5+ Kg4 72. Qg2+ Kf5 73.
Qd5+ Kg4 74. Qd7+ Kf3 75. Qd3+ Kg4 76. f5 Qf4 77. Qe2+ Kxf5 78. Qb5+ Kg4 79. Qd7+ Kf3 80. Qh3+ Qg3+ 81. Qxg3+ Kxg3 1/2-1/2

[Event "Early-Titled-Tuesday-Blitz-February-20-2024"]
[Site "Chess.com"]
[Date "2024.02.20"]
[Round "6"]
[White "Salem-AR"]
[Black "DavidGavrilescu18"]
[Result "1-0"]
[WhiteElo "2989"]
[BlackElo "2765"]
[TimeControl "180+1"]
[EndTime "9:10:48 PST"]
[Termination "Salem-AR won by resignation"]

1. d4 d5 2. Nf3 Nf6 3. Bf4 c5 4.
e3 Nc6 5. Nbd2 cxd4 6. exd4 Bf5 7. c3 e6 8. Qb3 Bd6 9. Bg5 Qc7 10. Nh4 Bg6 11. Nxg6 hxg6 12. h4 Rb8 13. Be2 Bf4 14. Bxf4 Qxf4 15. g3 Qc7 16. Kf1 g5 17. Nf3 gxh4 18.
Nxh4 g5 19. Bf3 gxh4 20. Re1 Ke7 21. gxh4 Kd7 22. Re3 Qf4 23. h5 Ng4 24. Bxg4 Qxg4 25. h6 Kc7 26. h7 Qf5 27. Reh3 f6 28. Qd1 Rbd8 29. Rh5 Qg6 30. Rh6 Qf7 31. Qf3 Rdf8 32. b4 Ne7 33. Qf4+ Kc8 34. R6h3 Nf5 35. a4 Qc7 36. Qd2 Rf7 37. Qe2 Qc4 38. Qxc4+ dxc4 39.
Ke2 Kd7 40. Kf3 Nd6 41. Kf4 Rg7 42. Rh6 Ke7 43. b5 Nf7 44. R6h5 Ng5 45. d5 Rhxh7 46. dxe6 Rxh5 47. Rxh5 Nxe6+ 48. Ke4 Rg4+ 49. Ke3 Ng5 50. Rh8 Re4+ 51. Kd2 Nf3+ 52. Kd1 Re1+ 53. Kc2 Re2+ 54. Kc1 Rxf2 55. Rb8 Ne5 56. Rxb7+ Kd6 57. Rxa7 Nd3+ 58. Kd1 Rb2 59. Rf7 Ke5 60. Rb7 Kf4 61. a5 Ke3 62. Re7+ Ne5 63. b6 Kd3 64. Ke1 Kxc3 65. b7 Nc6 66. a6 Rb6 67. Re6 Rb1+ 68. Kf2 Na7 69. Re8 Nc6 70. Rc8 Rb2+ 71. Kg3 Na7 72.
b8=Q Rxb8 73. Rxb8 Kd4 74. Rb7 Nc6 75. Rc7 Nb8 76. a7 Na6 77. Rd7+ Kc3 78. a8=Q Nc5 79. Qa5+ 1-0

[Event "Early-Titled-Tuesday-Blitz-February-20-2024"]
[Site "Chess.com"]
[Date "2024.02.20"]
[Round "6"]
[White "Raffael89"]
[Black "IngOscarArdila"]
[Result "0-1"]
[WhiteElo "1844"]
[BlackElo "2245"]
[TimeControl "180+1"]
[EndTime "9:10:50 PST"]
[Termination "IngOscarArdila won by checkmate"]

1. e4 e5 2. Nf3 Nf6 3. d4 Nxe4 4.
Bd3 d5 5. Nxe5 Nd7 6. Nxd7 Bxd7 7. c4 Bb4+ 8. Nd2 Nxd2 9. Bxd2 Qe7+ 10. Kf1 dxc4 11.
Bxc4 O-O 12. Bc3 Rad8 13. Qc2 Bc6 14. Re1 Qg5 15. f3 Bxc3 16. bxc3 Rfe8 17. Kf2 Qh4+ 18. g3 Qh3 19. Qd2 Qf5 20. Qd3 Qf6 21. Re3 Rxe3 22.
Qxe3 Re8 23. Qd3 h6 24. Bb3 g5 25. Bc2 Qg7 26. Re1 Rxe1 27. Kxe1 Qf6 28. Kf2 Kf8 29. Qe3 Bd5 30. Bb3 Bc6 31. d5 Bb5 32. c4 Bd7 33. f4 Qb2+ 34. Qe2 Qd4+ 35. Qe3 Qb2+ 36. Qe2 Qxe2+ 37. Kxe2 gxf4 38. gxf4 Ke7 39. c5 Kf6 40. Ke3 Bb5 41. d6 cxd6 42. cxd6 Bd7 43. Kd4 h5 44. Ke3 b6 45. Bd5 a5 46. a3 Be6 47. Be4 Bg4 48. Bc6 Ke6 49. Be8 f6 50. h3 Bxh3 51. Bxh5 Kxd6 52. Be2 Be6 53. a4 Kc5 54.
Bb5 Bc4 55. Be8 Kb4 56. Kd2 Bb3 57. Kc1 Bxa4 58. Bf7 Bc6 59. Kb2 b5 60. Ba2 Kc5 61. Bf7 Bd5 62. Bg6 b4 63. Bc2 Bc6 64. Bb3 a4 65. Bf7 a3+ 66. Ka2 Bd5+ 67. Bxd5 Kxd5 68. f5 Ke5 69. Kb3 Kxf5 70. Kc2 Ke4 71. Kd1 f5 72. Ke1 b3 73. Kf2 b2 74. Kg3 b1=Q 75. Kh2 Qb2+ 76.
Kh3 Qb8 77. Kg2 Qg8+ 78. Kh3 Kf3 79. Kh4 a2 80. Kh5 Ke4 81. Kh4 f4 82. Kh3 f3 83.
Kh4 Kf4 84. Kh3 Qg3# 0-1

[Event "Early-Titled-Tuesday-Blitz-February-20-2024"]
[Site "Chess.com"]
[Date "2024.02.20"]
[Round "6"]
[White "FARIZA2018"]
[Black "ckgchess"]
[Result "1/2-1/2"]
[WhiteElo "2590"]
[BlackElo "2861"]
[TimeControl "180+1"]
[EndTime "9:11:00 PST"]
[Termination "Game drawn by repetition"]

1. e4 e5 2. Nf3 Nf6 3. Nxe5 d5 4. exd5 Qxd5 5. d4 Nc6 6. Nxc6 Qxc6 7. Nc3 Bb4 8. Qf3 Qxf3 9. gxf3 O-O 10. Be3 Nd5 11.
Kd2 Ne7 12. a3 Bd6 13. Ne4 Rd8 14. Nxd6 Rxd6 15. Bd3 Bf5 16. c3 Rad8 17. Rad1 Bxd3 18. Kxd3 c5 19. Ke2 c4 20. Rhg1 Nd5 21. Kd2 f6 22. Kc2 Kf7 23. Rde1 Re6 24. Bd2 Rde8 25. Kd1 g5 26. Rxe6 Rxe6 27. Re1 Rb6 28. Kc2 a5 29. Re4 a4 30. Bc1 Rd6 31. Kd1 Rd8 32. Ke2 Rg8 33.
Kf1 Rd8 34. f4 h6 35. fxg5 hxg5 36. Kg2 Rh8 37. Kg3 Ne7 38. Kg2 b5 39. f4 g4 40.
f5 Rh3 41. Rxg4 Rd3 42. Rf4 Rd1 43. Rf1 Rd3 44. h4 b4 45. axb4 a3 46. bxa3 Rxc3 47.
h5 Rc2+ 48. Kg3 c3 49. h6 Nxf5+ 50. Rxf5 Rxc1 51. Rc5 c2 52. Kg2 Kg6 53. Rc6 Ra1 54. Rxc2 Rxa3 55. Rc6 Rb3 56. Rb6 Rd3 57. Rd6 Rb3 58.
h7 Kxh7 59. Rxf6 Rxb4 60. Rf4 Rb3 61. Rf3 Rb4 62. Rd3 Kg6 63. Kf3 Kf5 64. Ke3 Ke6 65. Rc3 Rb1 66. Ke4 Re1+ 67. Kd3 Rh1 68. Rc6+ Kd5 69.
Rc5+ Kd6 70. Re5 Rd1+ 71. Ke4 Re1+ 72. Kf4 Rf1+ 73. Ke3 Re1+ 74. Kf4 Rd1 75. Ke4 Re1+ 76. Kf5 Rd1 77. Ke4 1/2-1/2

[Event "Early-Titled-Tuesday-Blitz-February-20-2024"]
[Site "Chess.com"]
[Date "2024.02.20"]
[Round "6"]
[White "ragnaroek66"]
[Black "Casablanca"]
[Result "0-1"]
[WhiteElo "2404"]
[BlackElo "2616"]
[TimeControl "180+1"]
[EndTime "9:11:12 PST"]
[Termination "Casablanca won by resignation"]

1. d4 Nf6 2. c4 c5 3. d5 d6 4. Nc3 e5 5. e4 Be7 6. f3 O-O 7. Be3 Ne8 8. Qd2 Nd7 9. Bd3 h6 10. g3 Bg5 11. f4 exf4 12. gxf4 Bh4+ 13. Kd1 a6 14. Nf3 Bf6 15. a4 Rb8 16. Kc2 Nc7 17. Rhg1 b5 18. axb5 axb5 19. cxb5 Re8 20. Bc4 Nb6 21.
Bd3 c4 22. Be2 Bd7 23. Nd4 Ra8 24. Nc6 Bxc6 25. dxc6 Ne6 26. Rxa8 Nxa8 27. Nd5 Nac7 28. b6 Nxd5 29. exd5 Nc5 30. Bxc5 dxc5 31. Bxc4 Qxb6 32. Rb1 Bd4 33. f5 Re3 34. Bd3 Rf3 35. Be2 Rf2 36. Qd3 Qc7 37. Rd1 Qb8 38. b3 Qe5 39. Re1 c4 40. Qxc4 Qe4+ 41. Qd3 Qxd5 42. Qc4 Qxf5+ 43. Qd3 Qe5 44. Qc4 Bb6 45. Qd3 Qc5+ 46. Qc4 Qf5+ 47. Qd3 Qe6 48. Qc4 Qe5 49. c7 Bxc7 50. Qd3 Bd6 51. Qc4 Qf5+ 52. Qd3 Qf6 53. Qc3 Be5 54. Qc8+ Kh7 55. Kd1 g6 56. Bd3 Qf3+ 57. Be2 Qf4 58.
Qc2 Qd4+ 59. Qd2 Qa1+ 60. Qc1 Qd4+ 61. Qd2 Qc5 62. Qc1 Qd6+ 63. Qd2 Qf6 64. Qc1 Rf4 65. Qd2 Rd4 66. Bd3 Qf3+ 67. Kc2 Qc6+ 68. Kd1 Qd5 69.
Ke2 Bf4 70. Qc3 Bxh2 71. Rf1 Qe5+ 72. Kd2 Bf4+ 73. Kc2 Rd7 74. Re1 Rc7 75. Rxe5 Rxc3+ 76. Kxc3 Bxe5+ 77. Kc4 Kg7 78. Kd5 Bf4 79. Ke4 Bh2 80.
b4 Bg1 81. b5 h5 82. Kd5 h4 83. Be4 f5 84. Kd6 Kf6 85. Bh1 g5 86. Kc6 g4 87. b6 Bxb6 88. Kxb6 f4 89. Kc5 f3 90. Kd4 f2 91. Bg2 h3 92. Bf1 h2 93. Bg2 h1=Q 94. Bxh1 f1=Q 95. Be4 Qf4 96. Kd3 g3 97. Kd4 Qxe4+ 98.
Kxe4 g2 99. Kf3 g1=Q 100. Kf4 Qg5+ 101. Ke4 Qe5+ 102. Kf3 Kf5 103. Kf2 Qe4 104. Kg3 Qb4 105. Kf2 Qc3 106. Ke2 Ke4 107. Kf2 Qe3+ 108. Kf1 Qd2 109. Kg1 Kf3 0-1

[Event "Early-Titled-Tuesday-Blitz-February-20-2024"]
[Site "Chess.com"]
[Date "2024.02.20"]
[Round "6"]
[White "koncheto"]
[Black "arnash_bauyrzhan"]
[Result "1-0"]
[WhiteElo "2418"]
[BlackElo "2261"]
[TimeControl "180+1"]
[EndTime "9:11:22 PST"]
[Termination "koncheto won on time"]

1. e4 c5 2. Nf3 e6 3. d4 cxd4 4.
Nxd4 a6 5. c4 Nf6 6. Nc3 Bb4 7.
Qd3 Qc7 8. Be2 Bxc3+ 9. Qxc3 d6 10. f3 e5 11. Nc2 Be6 12. O-O Nbd7 13. b3 b5 14. Ne3 bxc4 15. Bxc4 O-O 16. Bb2 Rac8 17.
Qd2 Bxc4 18. Nxc4 Qc5+ 19. Kh1 d5 20. Ba3 Qd4 21. Qxd4 exd4 22. Nd6 Rc2 23. Nf5 Re8 24. Ne7+ Kh8 25. Nxd5 Nxd5 26. exd5 Ree2 27. Rae1 d3 28. Rxe2 Rxe2 29. Bb4 Rxa2 30. h4 h6 31. Rd1 Ne5 32. d6 Rb2 33. Rxd3 Nd7 34. Rc3 Kh7 35. Rc7 Rb1+ 36. Kh2 Nb6 37. Rc6 Nd7 38. Rxa6 Rxb3 39. Bd2 Rd3 40. Bf4 Nc5 41. Ra7 Ne6 42. Rxf7 Nxf4 43. Rxf4 Rxd6 44. h5 Rd5 45. g4 Rd3 46. Kg3 Kg8 47. Re4 Kf7 48. Kf4 Rd6 49. Rb4 Rf6+ 50.
Kg3 Rc6 51. Rb3 Kf6 52. Re3 Kf7 53. Kf4 Rc4+ 54. Re4 Rc6 55. Ke5 Re6+ 56. Kd5 Rb6 57.
f4 Rb5+ 58. Kd4 Rb4+ 59. Ke3 Rb3+ 60. Kf2 Rb2+ 61. Kf3 Rb3+ 62. Re3 Rb1 63. f5 Rh1 64. Kf4 Rf1+ 65. Ke5 Ra1 66. Rd3 Ra4 67. Rd4 Ra5+ 68. Kd6 Ra3 69. Kd7 Kf6 70. Ke8 Ra8+ 71. Kd7 Ra7+ 72.
Kc6 Ra6+ 73. Kd5 Ra5+ 74. Ke4 Ra1 75. Rd6+ Kf7 76. Rg6 Ra4+ 77. Kf3 Ra3+ 78. Ke4 Ra4+ 79. Kd5 Ra5+ 80. Kc6 Ra6+ 81. Kd7 Rxg6 82. hxg6+ Kf6 83. Ke8 h5 84. gxh5 Kxf5 85. Kf7 1-0

[Event "Early-Titled-Tuesday-Blitz-February-20-2024"]
[Site "Chess.com"]
[Date "2024.02.20"]
[Round "6"]
[White "AnishOnYoutube"]
[Black "Nemegejas"]
[Result "1-0"]
[WhiteElo "3017"]
[BlackElo "2806"]
[TimeControl "180+1"]
[EndTime "9:11:37 PST"]
[Termination "AnishOnYoutube won by resignation"]

1. d4 Nf6 2. c4 e6 3. Nf3 d5 4. Nc3 c6 5. e3 Nbd7 6. Be2 Bd6 7.
O-O O-O 8. b3 b6 9. Bb2 Bb7 10.
Qc2 Qe7 11. Rad1 c5 12. cxd5 exd5 13. Qf5 g6 14. Qh3 Rfe8 15. Bb5 Red8 16. dxc5 bxc5 17. Bxd7 Rxd7 18. Nb5 Bc6 19. Nxd6 Rxd6 20. Ne5 Bb5 21. Rfe1 Rad8 22. Qh4 Re6 23. Nf3 Ne4 24. Qh6 f6 25. h4 Qc7 26. Rc1 Rc6 27. Red1 Be2 28. Re1 Bxf3 29.
gxf3 Nd2 30. Kg2 d4 31. e4 c4 32. Qxd2 c3 33. Bxc3 dxc3 34. Qe3 c2 35. e5 fxe5 36. Qg5 Rc3 37. Rxe5 Rf8 38. Re3 Rc5 39. Qg4 Qc6 40. Qe4 Qd7 41. Rxc2 Rxc2 42. Qxc2 Qd5 43. Qe4 Qf7 44.
Qd4 Qf6 45. Qxa7 Qxh4 46. Qd7 Qg5+ 47. Qg4 Qc5 48. a4 Rf5 49. Qc4+ Qxc4 50. bxc4 Ra5 51. Ra3 Kf7 52. Kg3 Ke7 53. Kf4 Kd6 54. Ke4 Kc5 55.
Kd3 Kb4 56. Ra1 Rxa4 57. Rxa4+ Kxa4 58. Kd4 h5 59. c5 Kb5 60. Kd5 h4 61. c6 h3 62. c7 h2 63. c8=Q h1=Q 64. Qc6+ Kb4 65. Qc4+ Ka3 66. Qd3+ Kb2 67. Kc4 Qc1+ 68. Kb5 Qg1 69.
Qd2+ Kb3 70. Qe3+ Kc2 71. Kc4 Qf1+ 72. Kd4 Qa1+ 73. Ke4 Qa4+ 74. Qd4 Qc6+ 75. Ke3 Qc7 76. Qe4+ Kb2 77. Qxg6 Qc1+ 78. Ke2 Qc5 79. Qe4 Qh5 80.
Qe3 Kc2 81. Qd3+ Kb2 82. Qd2+ Kb3 83. Qd1+ Kb2 84. Qd4+ Kb3 85. Ke3 Kc2 86. f4 Qh3+ 87. f3 Qh2 88. Qe4+ Kc3 89. Qc6+ Kb3 90. Qe6+ Kc3 91.
Qc8+ Kb3 92. Qb8+ Kc4 93. Qc7+ Kd5 94. Qd7+ Kc5 95. Qe7+ Kd5 96. Qe5+ Kc6 97. Qe6+ Kc7 98. Ke4 Qe2+ 99. Kf5 Qc2+ 100. Kf6 Qg2 101. Qe7+ Kc8 102. Qe8+ Kc7 103. Qe5+ Kd7 104. Qd5+ Ke8 105. f5 Qb2+ 106. Qe5+ Qxe5+ 107.
Kxe5 Ke7 108. f6+ Kf7 109. Kf5 1-0

[Event "Early-Titled-Tuesday-Blitz-February-20-2024"]
[Site "Chess.com"]
[Date "2024.02.20"]
[Round "6"]
[White "Andrei_Skvortsov"]
[Black "dmosesov"]
[Result "0-1"]
[WhiteElo "2693"]
[BlackElo "2596"]
[TimeControl "180+1"]
[EndTime "9:11:44 PST"]
[Termination "dmosesov won by checkmate"]

1. e4 Nf6 2. Nc3 d5 3. exd5 Nxd5 4. g3 g6 5. Bg2 Nb6 6. Nf3 Bg7 7. O-O O-O 8. Re1 Nc6 9. d3 h6 10. Bd2 e5 11. a4 a5 12. Nb5 Nd5 13. Ra3 Be6 14.
Qc1 Kh7 15. h4 Bg4 16. Nh2 Be6 17. Nf1 f5 18. Ne3 Rc8 19. Nc4 f4 20. Be4 Bf5 21. Nxa5 Nxa5 22. Bxa5 fxg3 23. fxg3 Bxe4 24. dxe4 Nf6 25. Qd1 Qe7 26. Qe2 c6 27. Bc3 cxb5 28. axb5 Nh5 29. Qe3 Qc5 30. Qxc5 Rxc5 31. Bb4 Rxc2 32.
Bxf8 Bxf8 33. Rb3 Bc5+ 34. Kh1 Nf6 35. Rc3 Rxc3 36. bxc3 b6 37. Kg2 g5 38. hxg5 hxg5 39. Kf3 g4+ 40. Kg2 Kg6 41. Re2 Kf7 42. Re1 Ke6 43.
Re2 Ne8 44. Re1 Nd6 45. c4 Nxc4 46. Rh1 Nd6 47. Rh4 Nxe4 48. Rxg4 Nc3 49. Rg6+ Kf5 50. Rg8 Nxb5 51. g4+ Kf4 52. g5 Nd6 53. g6 Nf5 54.
Kf1 Kg5 55. Ke2 Ne7 56. Rg7 Nxg6 57. Kd3 Kf5 58. Rf7+ Ke6 59. Rg7 Kf6 60. Rg8 Ne7 61.
Rf8+ Ke6 62. Ke4 Nc6 63. Re8+ Kd7 64. Rh8 Kc7 65. Kd5 Nb4+ 66. Kxe5 Kc6 67. Ke4 Kb5 68. Rh7 Kc4 69. Rb7 Na2 70. Kf3 b5 71. Ke4 b4 72.
Ke5 b3 73. Rxb3 Kxb3 74. Kd5 Bb4 75. Kd4 Bc3+ 76. Kd5 Nb4+ 77. Ke4 Kc4 78. Ke3 Bd4+ 79. Ke4 Nc6 80. Kf4 Kd5 81. Kf3 Ke5 82. Kg4 Be3 83.
Kf3 Kd4 84. Kg3 Ke4 85. Kg2 Kf4 86. Kh2 Kf3 87. Kh1 Ne5 88. Kh2 Ng4+ 89. Kh1 Nf2+ 90.
Kh2 Bf4+ 91. Kg1 Bg3 92. Kf1 Bh2 93. Ke1 Ne4 94. Kd1 Be5 95. Ke1 Bh2 96. Kd1 Ke3 97.
Kc2 Nd2 98. Kc1 Kd3 99. Kb2 Be5+ 100. Kc1 Nc4 101. Kd1 Bg3 102. Kc1 Kc3 103. Kd1 Kd3 104. Kc1 Bf2 105. Kd1 Nb2+ 106. Kc1 Kc3 107. Kb1 Kb3 108. Ka1 Nc4 109. Kb1 Be3 110. Ka1 Bd2 111. Kb1 Na3+ 112. Ka1 Bc3# 0-1